 Dungeon Crawl Stone Soup version 0.31-a0-521-gc7390f8997 (webtiles) character file.

Game seed: 1882820053335492829

535 Fodor the Covered (level 7, -4/60 HPs)
             Began as a Minotaur Fighter on Aug 10, 2023.
             Slain by Duvessa
             ... wielding a +0 short sword
              (11 damage)
             ... on level 5 of the Dungeon.
             The game lasted 00:21:16 (4004 turns).

Fodor the Covered (Minotaur Fighter)                Turns: 4004, Time: 00:21:17

Health: -4/60      AC:  8    Str: 22    XL:     7   Next: 4%
Magic:  6/6        EV: 10    Int:  5    God:
Gold:   279        SH:  5    Dex: 10    Spells: 6/6 levels left

rFire   . . .        y - +4 spear "Enoplew" {holy, rN++ SInv}
rCold   . . .        c - +0 buckler
rNeg    + + .        u - +1 ring mail {rPois}
rPois   +            (helmet restricted)
rElec   .            (no cloak)
rCorr   .            w - +0 pair of gloves
SInv    +            (no boots)
Will    .....        (no amulet)
Stlth   +            p - ring of flight
HPRegen 0.30/turn    (no ring)
MPRegen 0.10/turn

%: no passive effects
@: flying
A: horns 2, retaliatory headbutt
a: no special abilities


You were on level 5 of the Dungeon.
You visited 1 branch of the dungeon, and saw 5 of its levels.

You collected 279 gold pieces.

Inventory:

Hand Weapons
 e - a +0 shortbow
 s - a +0 mace of venom
 y - the +4 spear "Enoplew" (weapon) {holy, rN++ SInv}
   (You found it on level 5 of the Dungeon)

   rN++:      It greatly protects you from negative energy.
   SInv:      It lets you see invisible.
Missiles
 f - 3 javelins (quivered)
 r - 5 poisoned darts
Armour
 c - a +0 buckler (worn)
 u - a +1 ring mail of poison resistance (worn)
 w - a +0 pair of gloves (worn)
Jewellery
 p - a ring of flight (left hand)
Scrolls
 b - a scroll of teleportation {unknown}
 g - 2 scrolls of revelation {unknown}
 h - 2 scrolls of identify {unknown}
 l - 2 scrolls of fog {unknown}
 m - a scroll of poison {unknown}
 o - 2 scrolls of fear {unknown}
 q - a scroll of enchant weapon {unknown}
 v - a scroll of immolation {unknown}
 x - a scroll of blinking {unknown}
Potions
 d - a potion of might
 i - 3 potions of mutation {unknown}
 j - 2 potions of attraction
 k - 2 potions of degeneration {unknown}
 n - 3 potions of curing
 t - a potion of lignification {unknown}


   Skills:
 + Level 4.7 Fighting
 + Level 4.6 Long Blades
 + Level 3.0 Maces & Flails
 + Level 0.1 Throwing
 + Level 5.8 Armour
 + Level 1.6 Dodging
 + Level 0.5 Stealth
 + Level 5.3 Shields


You had 6 spell levels left.
You didn't know any spells.
Your spell library contained the following spells:

 Spells                   Type           Power      Damage    Failure   Level
 Shock                    Conj/Air       0%         1d3       69%         1
 Scorch                   Fire           0%         2d5       83%         2
 Wereblood                Tmut           0%         N/A       83%         2
 Swiftness                Air            0%         N/A       96%         3
 Airstrike                Air            0%         2d(0-16)  100%        4
 Flame Wave               Conj/Fire      0%         2d4       100%        4
 Irradiate                Conj/Tmut      0%         3d11      100%        5
 Summon Cactus Giant      Summ           0%         N/A       100%        6


Dungeon Overview and Level Annotations

Branches:
Dungeon (5/15)
 Temple: D:4-7

Altars:
Cheibriados

Shops:
D:2 (   D:3 [   D:4 =

Annotations:
D:5 Duvessa


Innate Abilities, Weirdness & Mutations

You have a pair of horns on your head.
You reflexively headbutt those who attack you in melee.


Message History

You start resting.
An orc is nearby!
The orc closely misses you.
You closely miss the orc. You headbutt the orc.
The orc is severely wounded.
The orc hits you with a +0 club.
You puncture the orc!
You kill the orc!
You now have 279 gold pieces (gained 6).
You see here a +0 club.
Things that are here:
a +0 dagger; a +0 robe
Things that are here:
a +0 shortbow; a centaur corpse
e - a +0 shortbow You drop a +0 long sword.
You start resting.
Duvessa, Sister of Dowan comes into view.
She is wielding a +0 short sword.
Things that are here:
a +0 dagger; a +0 robe Duvessa shouts!
Duvessa goes berserk!
Duvessa rages.
You hit Duvessa. You headbutt Duvessa.
Duvessa is lightly wounded.
Duvessa hits you with a +0 short sword.
You completely miss Duvessa. You headbutt Duvessa.
Duvessa is moderately wounded.
Duvessa hits you with a +0 short sword!
* * * LOW HITPOINT WARNING * * *
Duvessa barely misses you.
You hit Duvessa.
Duvessa is moderately wounded.
You block Duvessa's attack. x2
You hit Duvessa but do no damage.
Duvessa is moderately wounded.
Duvessa hits you with a +0 short sword.
* * * LOW HITPOINT WARNING * * *
Duvessa hits you with a +0 short sword!
You die...

#..##.... #...#...## #.#.... ##.#
###..#...#....# #......
.#.######.#####..#.# . ........
..........## #....###......#....
..##..###....###............#....
#.....# #..).)##...#.....#....
....#... ..#..##.....##.
###...........^.........
.....#.......e@###.###
####..##.......## ..#
##.##....... #.# #....#.. ..
.....### .#. #


You could see Duvessa (berserk).

Vanquished Creatures
  An ice beast (D:5)
  A centaur (D:5)
  A scorpion (D:5)
  Dowan (D:5)
  A jelly (D:4)
  2 iguanas (D:4)
  Terence (D:2)
  3 gnolls (D:5)
  An adder (D:5)
  2 worms (D:3)
  5 dart slugs
  10 orcs
  9 bats
  7 endoplasms
  A giant cockroach (D:3)
  20 goblins
  4 hobgoblins
  A quokka (D:3)
  7 ball pythons
  4 frilled lizards
  6 kobolds
  4 rats
92 creatures vanquished.

Notes
Turn   | Place    | Note
-------+----------+-------------------------------------------
     0 | D:1      | Fodor the Minotaur Fighter began the quest for the Orb.
     0 | D:1      | Reached XP level 1. HP: 19/19 MP: 0/0
   172 | D:1      | Reached XP level 2. HP: 27/27 MP: 1/1
   733 | D:2      | Found Asugegi's Antique Weapon Boutique.
   739 | D:2      | Reached XP level 3. HP: 33/33 MP: 2/2
  1307 | D:2      | Noticed Terence
  1320 | D:2      | Killed Terence
  1321 | D:2      | Reached XP level 4. HP: 10/40 MP: 3/3
  2029 | D:3      | Found Caecw's Armour Shop.
  2447 | D:4      | Found a snail-covered altar of Cheibriados.
  2554 | D:4      | Found Zuorphiuff's Jewellery Shoppe.
  2951 | D:4      | Reached XP level 5. HP: 43/46 MP: 4/4
  3481 | D:4      | Reached skill level 1 in Dodging
  3636 | D:5      | Entered Level 5 of the Dungeon
  3663 | D:5      | Reached skill level 1 in Maces & Flails
  3673 | D:5      | Reached skill level 5 in Armour
  3766 | D:5      | Noticed an ice beast
  3778 | D:5      | Killed an ice beast
  3779 | D:5      | Reached skill level 5 in Shields
  3779 | D:5      | Reached XP level 6. HP: 41/53 MP: 5/5
  3911 | D:5      | Identified the +4 spear "Enoplew" {holy, rN++ SInv}
  3933 | D:5      | Noticed Dowan
  3952 | D:5      | Killed Dowan
  3962 | D:5      | Reached XP level 7. HP: 23/60 MP: 6/6
  3995 | D:5      | Noticed Duvessa
  4004 | D:5      | Slain by Duvessa

Illustrated notes

Levels and vault maps discovered:
D:1:      dpeg_arrival_refuge, layout_loops_cross
D:2:      kennysheep_the_goblin_king, layout_basic, serial_shops, shop,
          minivault_19, uniq_terence
D:3:      minmay_wonky_spiral, layout_basic, serial_shops, shop,
          minmay_misc_feat_chi
D:4:      layout_basic, cheibriados_altar_1, serial_shops, kennysheep_mini
D:5:      layout_rooms, zin_statuary, uniq_duvessa

Skill      XL: |  1  2  3  4  5  6 |
---------------+-------------------+-----
Shields        | 4 5 |  5.3
Armour         | 4 5 |  5.8
Fighting       | 4 |  4.7
Long Blades    | 3 4 |  4.6
Dodging        | 1 |  1.6
Maces & Flails | 2 3 |  3.0
Throwing       | |  0.1
Stealth        | |  0.5

Action                     |  1- 3 |  4- 6 |  7- 9 || total
---------------------------+-------+-------+-------++-------
  Melee: Long sword        |    88 |    36 |       ||   124
         Headbutt          |     8 |    18 |     3 ||    29
         Mace              |       |    69 |       ||    69
         Spear             |       |    16 |     6 ||    22
  Throw: Javelin           |     5 |       |       ||     5
    Use: Potion            |     2 |       |       ||     2
 Armour: Scale mail        |    53 |    17 |       ||    70
         Ring mail         |       |    37 |       ||    37
  Dodge: Dodged            |    48 |    64 |     2 ||   114
  Block: Buckler           |    24 |    39 |     2 ||    65

Table legend: (Time is in decaauts)
 A = Elapsed time spent in this place.
 B = Non-inter-level travel time spent in this place.
 C = Inter-level travel time spent in this place.
 D = Time resting spent in this place.
 E = Time spent auto-exploring this place.
 F = Levels seen in this place.
 G = Mean time per level.
                   A        B        C        D        E       F      G
               +--------+--------+--------+--------+--------+-----+--------+
         Total |   4068 |   3933 |    135 |    585 |      0 |   5 |  813.6 |
       Dungeon |   4068 |   3933 |    135 |    585 |      0 |   5 |  813.6 |
               +--------+--------+--------+--------+--------+-----+--------+

Top non-repeatable levels by time:
     D:4: 1205 daAuts
     D:2: 954 daAuts
     D:3: 782 daAuts
     D:1: 746 daAuts
     D:5: 378 daAuts
